 Dungeon Crawl Stone Soup version 0.28.0-47-ge53b351184 (webtiles) character file.

Game seed: 14680694439942359309

155 GigaChad the Covered (level 5, -4/47 HPs)
             Began as a Minotaur Fighter on May 3, 2022.
             Was a Plaything of Xom.
             Slain by a gnoll sergeant
             ... wielding a +0 trident
              (7 damage)
             ... on level 4 of the Dungeon.
             The game lasted 00:07:56 (3472 turns).

GigaChad the Covered (Minotaur Fighter)             Turns: 3472, Time: 00:07:57

Health: -4/47      AC:  7    Str: 21    XL:     5   Next: 14%
Magic:  4/4        EV:  9    Int:  5    God:    Xom [...*..]
Gold:   175        SH:  5    Dex: 11    Spells: 4/4 levels left

rFire   . . .      SeeInvis .   p - +0 war axe (flame)
rCold   . . .      Faith    .   c - +0 buckler
rNeg    . . .      Spirit   .   b - +0 scale mail
rPois   .          Reflect  .   (helmet restricted)
rElec   .          Harm     .   (no cloak)
rCorr   .          Rampage  .   (no gloves)
Will    .....                   (no boots)
Stlth   ..........              (no amulet)
HPRegen 0.15/turn               (no ring)
MPRegen 0.09/turn               (no ring)

@: no status effects
A: horns 2, retaliatory headbutt
a: Renounce Religion


You were on level 4 of the Dungeon.
You worshipped Xom.
You were a favourite toy of Xom.
You visited 1 branch of the dungeon, and saw 4 of its levels.

You collected 175 gold pieces.

Inventory:

Hand Weapons
 a - a +0 long sword
 l - a +3 halberd of protection
 p - a +0 war axe of flaming (weapon)
Armour
 b - a +0 scale mail (worn)
 c - a +0 buckler (worn)
 j - a +1 pair of gloves
Wands
 s - a wand of iceblast (6)
Scrolls
 e - a scroll of teleportation
 f - a scroll of amnesia {unknown}
 h - 2 scrolls of noise
 k - 3 scrolls of identify {unknown}
 m - a scroll of enchant weapon {unknown}
 q - a scroll of vulnerability {unknown}
 r - a scroll of summoning {unknown}
 u - a scroll of magic mapping {unknown}
Potions
 d - a potion of might
 g - 2 potions of mutation {unknown}
 i - a potion of heal wounds {unknown}
 n - a potion of curing {unknown}
 o - a potion of brilliance {unknown}
 t - a potion of lignification {unknown}


   Skills:
 + Level 4.4 Fighting
 + Level 3.5 Long Blades
 + Level 1.3 Axes
 + Level 5.0 Armour
 + Level 0.4 Dodging
 + Level 0.1 Stealth
 + Level 4.5 Shields


You had 4 spell levels left.
You didn't know any spells.
Your spell library contained the following spells:

 Spells                   Type           Power      Damage    Failure   Level
 Apportation              Tloc           0%         N/A       87%         1
 Static Discharge         Conj/Air       0%         N/A       95%         2
 Alistair's Intoxication  Tmut/Pois      0%         N/A       100%        5
 Lightning Bolt           Conj/Air       0%         1d11      100%        5
 Maxwell's Capacitive Co  Air            0%         ∞         100%        8


Dungeon Overview and Level Annotations

Branches:
Dungeon (4/15)
 Temple: D:4-7

Altars:
Xom

Shops:
D:2 :


Innate Abilities, Weirdness & Mutations

You have a pair of horns on your head.
You reflexively headbutt those who attack you in melee.


Message History

You enter the shallow water.
Moving in this stuff is going to be slow.
The orc closely misses you. The orc hits you but does no damage.
You enter the shallow water.
Moving in this stuff is going to be slow.
The orc hits you but does no damage.
You barely miss the orc. You headbutt the orc.
The orc is almost dead.
The orc closely misses you. You furiously retaliate!
You headbutt the orc!
You kill the orc!
Things that are here:
a +0 hand axe; a +0 ring mail; an orc corpse You enter the shallow water.
Moving in this stuff is going to be slow.
A gnoll sergeant comes into view. It is wielding a +0 trident.
The gnoll sergeant shouts!
The gnoll sergeant hits you from afar with a +0 trident!
A necrophage comes into view.
The gnoll sergeant hits you with a +0 trident.
You hit the gnoll sergeant. You burn the gnoll sergeant.
The gnoll sergeant is lightly wounded.
The gnoll sergeant hits you with a +0 trident. x2
The gnoll sergeant blocks your attack.
The gnoll sergeant is lightly wounded.
The gnoll sergeant hits you with a +0 trident.
* * * LOW HITPOINT WARNING * * *
The necrophage hits you.
* * * LOW HITPOINT WARNING * * *
You barely miss the gnoll sergeant.
The gnoll sergeant is lightly wounded.
You hit the necrophage. You burn the necrophage.
The gnoll sergeant hits you with a +0 trident.
* * * LOW HITPOINT WARNING * * *
You block the necrophage's attack.
The gnoll sergeant hits you with a +0 trident.
* * * LOW HITPOINT WARNING * * *
The gnoll sergeant hits you with a +0 trident!
You die...
Xom snickers!

#...............# #####
##≈≈≈≈..##..###.# #...
#≈##≈≈.......#.## #.≈≈ ≈
##≈≈≈≈≈≈≈....# #.≈##
##############≈≈≈≈≈# #.≈≈##
######..≈#..≈.# #####≈≈
#.#≈≈###.#.#.#.#.)#.# ###
#...≈'..≈.≈†..#ng≈.# #
#.#≈≈###.#.#.#.@#)#.# ####
#.≈≈##≈######.#≈)#.≈.# ######≈≈≈
##.≈##≈≈≈≈≈≈≈############≈≈≈≈≈≈##
...≈≈≈≈.#.≈≈##≈≈≈≈≈≈≈≈##≈≈##.#.#
.....##...≈##≈≈.....≈##≈≈###...#
##.#######≈≈≈≈#.####≈≈≈≈## ###.#
#.#........))..# ###### #.#
#.#.######.##### #.# #.#.######.#
#.#


You could see a necrophage and a gnoll sergeant.

Vanquished Creatures
  A gnoll shaman (D:4)
  2 gnolls
  An adder skeleton (D:4)
  3 worms
  2 dart slugs (D:4)
  4 orcs (D:4)
  5 endoplasms
  4 giant cockroaches
  7 goblins
  5 hobgoblins
  6 jackals (D:1)
  6 kobolds
  2 quokkas
  5 ball pythons
  A bat (D:1)
  5 frilled lizards
  A rat (D:3)
  A spectral goblin (D:1)
61 creatures vanquished.

Vanquished Creatures (others)
  An orc wizard (D:4)
  2 gnolls (D:3)
  A frilled lizard (D:3)
  A kobold (D:3)
5 creatures vanquished.

Grand Total: 66 creatures vanquished

Notes
Turn   | Place    | Note
-------+----------+-------------------------------------------
     0 | D:1      | GigaChad the Minotaur Fighter began the quest for the Orb.
     0 | D:1      | Reached XP level 1. HP: 19/19 MP: 0/0
   243 | D:1      | Reached XP level 2. HP: 27/27 MP: 1/1
   321 | D:1      | Reached skill level 4 in Armour
   626 | D:1      | Found a faded altar of an unknown god.
   640 | D:1      | Prayed at the altar of an unknown god.
   640 | D:1      | Became a worshipper of Xom the Random Number God
   864 | D:1      | Reached XP level 3. HP: 21/33 MP: 2/2
  1222 | D:2      | Found Wosadur's Book Shop.
  1737 | D:2      | XOM: god gift: 20 stones
  1752 | D:3      | XOM: stealth player
  1796 | D:3      | XOM: destruction
  1816 | D:3      | Reached XP level 4. HP: 24/40 MP: 3/3
  2298 | D:3      | XOM: god gift: 46 gold pieces
  3426 | D:4      | Reached skill level 1 in Axes
  3426 | D:4      | Reached skill level 5 in Armour
  3426 | D:4      | Reached XP level 5. HP: 31/47 MP: 4/4
  3466 | D:4      | Noticed a necrophage
  3472 | D:4      | Slain by a gnoll sergeant

Illustrated notes

Levels and vault maps discovered:
D:1:      heliophobic_arrival_glass_houses, layout_loops_ring,
          dreamdust_ecumenical_altar_drowned_temple, st_stairs_2
D:2:      layout_loops_ring, serial_shops, nicolae_shop_hallway_stairs,
          lightli_corner_chamber
D:3:      layout_basic
D:4:      layout_loops_ring, minmay_temple_entry_ruins, st_stairs_6,
          minmay_manual_mullet

Skill      XL: |  1  2  3  4 |
---------------+-------------+-----
Fighting       | 4 |  4.4
Armour         | 4 5 |  5.0
Shields        | 4 |  4.5
Long Blades    | 3 |  3.5
Axes           | 1 |  1.3
Dodging        | |  0.4
Stealth        | |  0.1

Action                   |  1- 3 |  4- 6 || total
-------------------------+-------+-------++-------
Melee: Long sword        |    76 |       ||    76
       Headbutt          |    15 |    12 ||    27
       War axe           |       |    43 ||    43
  Use: Scroll            |     2 |       ||     2
Armor: Scale mail        |    44 |    19 ||    63
Dodge: Dodged            |    45 |    21 ||    66
Block: Buckler           |    24 |    10 ||    34
